General information
- name: BNet
- type: Ladder team game (AT/RT)
- host: Battle.net
- saver: BADLUCK
map: FullScaleAssault
- players: 8
- length: 41:59
- speed: Fast
- version: 1.26 W3XP
- replay type: Public
» download(238 KB)
Players
team 1 (loser)

»
eTRAPEDmyDOG (
red | 36 APM | 1047 actions | 29:25)
6 Warden
3 Shadow Strike
2 Blink
1 Spirit of Vengeance
4 Priestess of the Moon
2 Trueshot Aura
2 Scout
» actions
| Assign group hotkey | 7 | |
| Basic commands | 126 | |
| Build / train | 106 | |
| Enter build submenu | 28 | |
| Enter hero's abilities submenu | 10 | |
| Give item / drop item | 1 | |
| Right click | 282 | |
| Select / deselect | 312 | |
| Select group hotkey | 93 | |
| Use ability | 82 | |
1047 total
» units
| Wisp | 28 | |
| Archer | 20 | |
| Huntress | 8 | |
| Goblin Shredder | 1 | |
| Druid of the Talon | 7 | |
| Chimaera | 7 | |
71 total
» upgrades
| Moon Armor | 2 | |
| Strength of the Moon | 2 | |
| Improved Bows | 1 | |
| Druid of the Talon Training | 2 | |
| Marksmanship | 1 | |
| Strength of the Wild | 2 | |
| Reinforced Hides | 1 | |
| Corrosive Breath | 1 | |
| Nature's Blessing | 1 | |
13 total
» buildings
| Moon Well | 7 | |
| Ancient of War | 1 | |
| Altar of Elders | 2 | |
| Hunter's Hall | 1 | |
| Tree of Life | 2 | |
| Ancient of Wonders | 1 | |
| Tree of Ages | 1 | |
| Ancient Protector | 10 | |
| Tree of Eternity | 1 | |
| Ancient of Wind | 1 | |
| Chimaera Roost | 2 | |
29 total
» build order
00:09 Moon Well
00:33 Ancient of War
00:47 Altar of Elders
01:18 Moon Well
02:32 Hunter's Hall
03:42 Tree of Life
03:58 Ancient of Wonders
04:36 Moon Well
05:44 Tree of Ages
07:10 Ancient Protector
08:50 Ancient Protector
09:09 Moon Well
09:47 Ancient Protector
10:44 Moon Well
12:14 Ancient Protector
12:17 Ancient Protector
12:45 Tree of Eternity
12:49 Ancient of Wind
13:31 Ancient Protector
13:53 Ancient Protector
13:55 Ancient Protector
14:07 Ancient Protector
14:10 Ancient Protector
15:14 Chimaera Roost
15:18 Chimaera Roost
17:19 Moon Well
20:26 Moon Well
25:15 Tree of Life
25:17 Altar of Elders
» items
| Healing Salve | 1 | |
| Lesser Clarity Potion | 1 | |
| Scroll of Town Portal | 2 | |
| Potion of Healing | 1 | |
| Anti-magic Potion | 2 | |
| Orb of Venom | 1 | |
8 total

»
therustisreal (
pink | 44 APM | 1323 actions | 29:49)
5 Death Knight
2 Death Coil
3 Unholy Aura
» actions
| Assign group hotkey | 17 | |
| Basic commands | 5 | |
| Build / train | 56 | |
| Enter build submenu | 25 | |
| Enter hero's abilities submenu | 5 | |
| Right click | 974 | |
| Select / deselect | 200 | |
| Select group hotkey | 4 | |
| Use ability | 37 | |
1323 total
» units
| Acolyte | 14 | |
| Ghoul | 5 | |
| Crypt Fiend | 2 | |
| Frost Wyrm | 11 | |
32 total
» upgrades
| Creature Attack | 3 | |
| Creature Carapace | 3 | |
| Freezing Breath | 1 | |
7 total
» buildings
| Ziggurat | 13 | |
| Altar of Darkness | 1 | |
| Crypt | 1 | |
| Graveyard | 1 | |
| Tomb of Relics | 1 | |
| Halls of the Dead | 1 | |
| Spirit Tower | 6 | |
| Black Citadel | 1 | |
| Sacrificial Pit | 1 | |
| Nerubian Tower | 3 | |
| Boneyard | 2 | |
31 total
» build order
00:10 Ziggurat
00:16 Altar of Darkness
01:09 Crypt
01:13 Ziggurat
01:52 Graveyard
02:43 Tomb of Relics
03:25 Halls of the Dead
03:48 Spirit Tower
03:50 Spirit Tower
04:42 Ziggurat
04:50 Ziggurat
05:49 Black Citadel
05:55 Sacrificial Pit
06:22 Nerubian Tower
08:11 Boneyard
08:14 Boneyard
10:36 Ziggurat
10:40 Ziggurat
10:45 Ziggurat
11:29 Spirit Tower
11:34 Spirit Tower
11:38 Nerubian Tower
11:43 Ziggurat
11:46 Ziggurat
12:20 Ziggurat
12:37 Spirit Tower
12:42 Nerubian Tower
13:13 Spirit Tower
21:36 Ziggurat
21:42 Ziggurat
21:47 Ziggurat
BADLUCK (
orange | 95 APM | 3980 actions | 41:59)
8 Archmage
3 Summon Water Elemental
3 Brilliance Aura
1 Mass Teleport
1 Blizzard
» actions
| Assign group hotkey | 130 | |
| Basic commands | 466 | |
| Build / train | 169 | |
| Enter build submenu | 38 | |
| Enter hero's abilities submenu | 8 | |
| Give item / drop item | 11 | |
| Remove unit from queue | 1 | |
| Right click | 1158 | |
| Select / deselect | 389 | |
| Select group hotkey | 1367 | |
| Use ability | 242 | |
3980 total
» units
| Peasant | 21 | |
| Footman | 9 | |
| Goblin Shredder | 3 | |
| Goblin Zeppelin | 12 | |
| Gryphon Rider | 7 | |
| Blue Dragon | 5 | |
| Dragonhawk Rider | 2 | |
| Goblin Sapper | 7 | |
66 total
» upgrades
| Masonry | 3 | |
| Swords | 3 | |
| Armor | 3 | |
| Animal War Training | 1 | |
| Storm Hammers | 1 | |
| Lumber Harvesting | 2 | |
| Cloud | 1 | |
| Ultravision | 1 | |
15 total
» buildings
| Barracks | 1 | |
| Altar of Kings | 1 | |
| Farm | 11 | |
| Lumber Mill | 1 | |
| Arcane Vault | 1 | |
| Town Hall | 2 | |
| Keep | 3 | |
| Scout Tower | 22 | |
| Blacksmith | 1 | |
| Guard Tower | 23 | |
| Castle | 3 | |
| Gryphon Aviary | 5 | |
| Arcane Tower | 8 | |
82 total
» build order
00:52 Barracks
00:55 Altar of Kings
00:57 Farm
01:05 Farm
01:13 Farm
01:28 Lumber Mill
01:48 Farm
02:32 Arcane Vault
03:56 Town Hall
05:18 Keep
05:18 Keep
05:19 Keep
05:21 Scout Tower
05:24 Scout Tower
06:11 Farm
06:31 Blacksmith
06:49 Guard Tower
06:50 Guard Tower
07:45 Castle
07:45 Castle
08:00 Scout Tower
08:01 Scout Tower
08:05 Scout Tower
08:23 Scout Tower
08:24 Scout Tower
08:26 Scout Tower
08:36 Guard Tower
08:37 Guard Tower
08:37 Guard Tower
08:38 Guard Tower
08:38 Guard Tower
08:39 Guard Tower
08:39 Guard Tower
09:26 Guard Tower
09:27 Guard Tower
09:27 Guard Tower
09:50 Town Hall
09:53 Scout Tower
09:54 Scout Tower
09:54 Scout Tower
09:55 Scout Tower
09:56 Scout Tower
09:56 Scout Tower
09:57 Scout Tower
09:58 Scout Tower
09:59 Scout Tower
10:01 Scout Tower
10:02 Scout Tower
10:03 Scout Tower
10:45 Gryphon Aviary
10:47 Gryphon Aviary
10:49 Gryphon Aviary
11:06 Guard Tower
11:06 Guard Tower
11:07 Guard Tower
11:49 Scout Tower
11:52 Scout Tower
12:01 Guard Tower
12:01 Guard Tower
12:02 Guard Tower
12:24 Arcane Tower
12:24 Arcane Tower
12:29 Arcane Tower
12:30 Arcane Tower
12:30 Arcane Tower
13:47 Farm
13:48 Farm
13:49 Farm
13:49 Farm
16:46 Farm
16:47 Farm
16:48 Gryphon Aviary
16:49 Gryphon Aviary
» items
| Scroll of Regeneration | 5 | |
| Mechanical Critter | 6 | |
| Staff of Teleportation | 2 | |
| Scroll of Town Portal | 3 | |
| Potion of Healing | 1 | |
| Potion of Lesser Invulnerability | 2 | |
19 total

»
aldslasdoas (
teal | 78 APM | 3269 actions | 41:59)
5 Blademaster
3 Wind Walk
2 Critical Strike
4 Shadow Hunter
2 Hex
2 Healing Wave
1 Tauren Chieftain
1 War Stomp
» actions
| Assign group hotkey | 72 | |
| Basic commands | 267 | |
| Build / train | 97 | |
| ESC pressed | 2 | |
| Enter build submenu | 61 | |
| Enter hero's abilities submenu | 10 | |
| Give item / drop item | 3 | |
| Right click | 1134 | |
| Select / deselect | 387 | |
| Select group hotkey | 1061 | |
| Use ability | 174 | |
3269 total
» units
| Peon | 19 | |
| Shaman | 2 | |
| Raider | 2 | |
| Tauren | 4 | |
| Wind Rider | 1 | |
| Spirit Walker | 1 | |
| Goblin Zeppelin | 1 | |
30 total
» upgrades
| Reinforced Defenses | 1 | |
| Shaman Training | 2 | |
| Spirit Walker Training | 2 | |
| Ensnare | 1 | |
| Pulverize | 1 | |
7 total
» buildings
| Altar of Storms | 1 | |
| Orc Burrow | 7 | |
| War Mill | 1 | |
| Voodoo Lounge | 4 | |
| Stronghold | 4 | |
| Watch Tower | 32 | |
| Fortress | 3 | |
| Beastiary | 3 | |
| Spirit Lodge | 1 | |
| Tauren Totem | 1 | |
| Great Hall | 5 | |
62 total
» build order
00:12 Altar of Storms
00:21 Orc Burrow
00:53 War Mill
01:12 Voodoo Lounge
02:25 Stronghold
02:25 Stronghold
02:25 Stronghold
02:41 Watch Tower
02:53 Watch Tower
03:14 Orc Burrow
03:16 Orc Burrow
03:42 Watch Tower
03:45 Orc Burrow
03:47 Orc Burrow
04:09 Orc Burrow
04:55 Fortress
04:56 Fortress
06:02 Beastiary
06:13 Spirit Lodge
08:25 Tauren Totem
10:31 Great Hall
10:33 Great Hall
12:09 Orc Burrow
15:22 Great Hall
15:39 Watch Tower
15:40 Watch Tower
15:48 Watch Tower
15:49 Watch Tower
15:49 Watch Tower
18:20 Watch Tower
18:21 Watch Tower
18:22 Watch Tower
18:25 Watch Tower
18:29 Watch Tower
20:17 Watch Tower
20:18 Watch Tower
20:19 Watch Tower
20:19 Watch Tower
20:20 Watch Tower
20:21 Voodoo Lounge
20:22 Watch Tower
20:23 Watch Tower
20:25 Watch Tower
20:25 Watch Tower
20:26 Watch Tower
20:28 Watch Tower
20:29 Watch Tower
20:36 Watch Tower
20:37 Watch Tower
22:15 Voodoo Lounge
22:17 Beastiary
22:18 Beastiary
22:23 Voodoo Lounge
24:17 Great Hall
24:20 Watch Tower
24:20 Watch Tower
24:21 Watch Tower
24:21 Watch Tower
27:19 Great Hall
27:24 Watch Tower
» items
| Healing Salve | 3 | |
| Lesser Clarity Potion | 5 | |
| Boots of Speed | 6 | |
| Scroll of Speed | 3 | |
| Orb of Lightning | 2 | |
| Dust of Appearance | 1 | |
| Potion of Healing | 1 | |
| Scroll of Town Portal | 1 | |
| Periapt of Vitality | 1 | |
23 total
team 2 (winner)
politcly_corect (
purple | 24 APM | 997 actions | 41:59)
6 Blademaster
2 Wind Walk
3 Critical Strike
1 Bladestorm
1 Paladin
1 Devotion Aura
» actions
| Basic commands | 9 | |
| Build / train | 77 | |
| Enter build submenu | 17 | |
| Enter hero's abilities submenu | 7 | |
| Give item / drop item | 1 | |
| Right click | 464 | |
| Select / deselect | 324 | |
| Use ability | 98 | |
997 total
» units
| Peon | 21 | |
| Grunt | 4 | |
| Goblin Sapper | 10 | |
| Wind Rider | 6 | |
| Blue Drake | 1 | |
| Blue Dragon Whelp | 1 | |
43 total
» upgrades
| Reinforced Defenses | 1 | |
| Ranged Weapons | 1 | |
| Spiked Barricades | 1 | |
| Armor | 1 | |
4 total
» buildings
| Altar of Storms | 1 | |
| Orc Burrow | 5 | |
| Voodoo Lounge | 1 | |
| Barracks | 1 | |
| War Mill | 1 | |
| Great Hall | 3 | |
| Stronghold | 1 | |
| Beastiary | 3 | |
| Watch Tower | 2 | |
| Fortress | 1 | |
19 total
» build order
00:10 Altar of Storms
00:15 Orc Burrow
01:08 Voodoo Lounge
01:17 Barracks
01:32 Orc Burrow
03:07 War Mill
03:55 Orc Burrow
04:47 Great Hall
05:03 Stronghold
08:55 Beastiary
08:58 Beastiary
09:04 Beastiary
10:39 Watch Tower
10:44 Watch Tower
12:02 Fortress
13:55 Great Hall
14:34 Orc Burrow
27:03 Great Hall
28:32 Orc Burrow
» items
| Healing Salve | 7 | |
| Lesser Clarity Potion | 2 | |
| Scroll of Town Portal | 4 | |
| Potion of Healing | 4 | |
| Orb of Lightning | 1 | |
| Tiny Great Hall | 2 | |
20 total
Deafbeing (
yellow | 45 APM | 907 actions | 19:59)
3 Archmage
2 Summon Water Elemental
1 Brilliance Aura
» actions
| Assign group hotkey | 2 | |
| Basic commands | 6 | |
| Build / train | 77 | |
| Enter build submenu | 23 | |
| Enter hero's abilities submenu | 3 | |
| Remove unit from queue | 1 | |
| Right click | 447 | |
| Select / deselect | 288 | |
| Select group hotkey | 3 | |
| Use ability | 57 | |
907 total
» units
| Peasant | 24 | |
| Footman | 13 | |
| Knight | 13 | |
| Rifleman | 5 | |
| Mortar Team | 2 | |
57 total
» upgrades
| Masonry | 1 | |
| Plating | 2 | |
| Lumber Harvesting | 2 | |
| Swords | 1 | |
| Animal War Training | 1 | |
7 total
» buildings
| Barracks | 3 | |
| Farm | 6 | |
| Altar of Kings | 1 | |
| Lumber Mill | 1 | |
| Scout Tower | 7 | |
| Guard Tower | 3 | |
| Arcane Tower | 1 | |
| Town Hall | 2 | |
| Arcane Vault | 1 | |
| Keep | 1 | |
| Blacksmith | 1 | |
| Castle | 1 | |
28 total
» build order
00:23 Barracks
00:37 Farm
00:52 Altar of Kings
01:17 Farm
02:01 Farm
02:43 Lumber Mill
03:19 Scout Tower
03:36 Scout Tower
03:39 Scout Tower
04:12 Scout Tower
04:44 Guard Tower
05:00 Scout Tower
05:08 Farm
05:42 Arcane Tower
05:56 Scout Tower
06:11 Town Hall
06:31 Farm
06:33 Guard Tower
07:17 Arcane Vault
08:37 Keep
08:42 Barracks
08:46 Scout Tower
09:36 Guard Tower
09:46 Blacksmith
11:26 Castle
11:30 Farm
11:58 Town Hall
13:25 Barracks
» items
| Scroll of Town Portal | 1 | |
| Lesser Clarity Potion | 1 | |
2 total
ALADDINSHEIR (
green | 61 APM | 2574 actions | 41:59)
5 Blademaster
3 Wind Walk
2 Critical Strike
3 Shadow Hunter
2 Hex
1 Healing Wave
» actions
| Assign group hotkey | 95 | |
| Basic commands | 157 | |
| Build / train | 80 | |
| Enter build submenu | 17 | |
| Enter hero's abilities submenu | 8 | |
| Give item / drop item | 3 | |
| Right click | 1046 | |
| Select / deselect | 264 | |
| Select group hotkey | 715 | |
| Use ability | 188 | |
2574 total
» units
| Peon | 10 | |
| Goblin Shredder | 2 | |
| Wind Rider | 8 | |
| Goblin Zeppelin | 1 | |
| Troll Batrider | 8 | |
| Goblin Sapper | 8 | |
37 total
» upgrades
| Reinforced Defenses | 1 | |
| Ranged Weapons | 2 | |
| Armor | 2 | |
| Envenomed Spears | 1 | |
| Liquid Fire | 1 | |
7 total
» buildings
| Altar of Storms | 1 | |
| Orc Burrow | 6 | |
| Voodoo Lounge | 1 | |
| Stronghold | 4 | |
| War Mill | 1 | |
| Beastiary | 3 | |
| Fortress | 1 | |
| Great Hall | 1 | |
| Watch Tower | 36 | |
54 total
» build order
00:08 Altar of Storms
00:21 Orc Burrow
01:17 Voodoo Lounge
02:09 Stronghold
02:09 Stronghold
02:33 War Mill
02:42 Orc Burrow
02:43 Orc Burrow
02:45 Orc Burrow
04:47 Beastiary
04:50 Beastiary
04:55 Fortress
08:47 Great Hall
08:51 Watch Tower
08:51 Watch Tower
08:51 Watch Tower
08:52 Watch Tower
08:55 Watch Tower
08:55 Watch Tower
12:33 Watch Tower
12:34 Watch Tower
12:34 Watch Tower
12:35 Watch Tower
12:35 Watch Tower
12:37 Watch Tower
13:42 Watch Tower
13:43 Watch Tower
13:44 Watch Tower
14:50 Watch Tower
14:50 Watch Tower
14:51 Watch Tower
14:51 Watch Tower
14:51 Watch Tower
14:53 Watch Tower
16:00 Stronghold
17:28 Watch Tower
17:28 Watch Tower
17:28 Watch Tower
17:29 Watch Tower
17:29 Watch Tower
17:30 Watch Tower
17:30 Watch Tower
17:31 Watch Tower
17:32 Watch Tower
17:34 Watch Tower
18:12 Watch Tower
19:52 Watch Tower
19:52 Watch Tower
19:53 Watch Tower
20:41 Watch Tower
25:31 Beastiary
28:17 Orc Burrow
28:18 Orc Burrow
» items
| Healing Salve | 4 | |
| Lesser Clarity Potion | 2 | |
| Staff of Teleportation | 2 | |
| Scroll of Town Portal | 4 | |
| Potion of Mana | 2 | |
| Potion of Lesser Invulnerability | 1 | |
| Orb of Lightning | 1 | |
16 total
xASx (
blue | 36 APM | 595 actions | 16:40)
4 Archmage
1 Summon Water Elemental
2 Blizzard
1 Brilliance Aura
1 Paladin
1 Holy Light
» actions
| Assign group hotkey | 20 | |
| Build / train | 48 | |
| Enter build submenu | 21 | |
| Enter hero's abilities submenu | 5 | |
| Right click | 239 | |
| Select / deselect | 175 | |
| Select group hotkey | 57 | |
| Use ability | 30 | |
595 total
» units
| Peasant | 8 | |
| Rifleman | 9 | |
| Spell Breaker | 1 | |
| Mortar Team | 5 | |
23 total
» upgrades
| Gunpowder | 3 | |
| Armor | 3 | |
| Masonry | 2 | |
| Long Rifles | 1 | |
| Magic Sentry | 1 | |
| Flare | 1 | |
| Fragmentation Shards | 1 | |
12 total
» buildings
| Altar of Kings | 1 | |
| Farm | 10 | |
| Blacksmith | 1 | |
| Barracks | 1 | |
| Arcane Vault | 1 | |
| Scout Tower | 3 | |
| Arcane Tower | 1 | |
| Lumber Mill | 1 | |
| Guard Tower | 2 | |
| Keep | 1 | |
| Castle | 1 | |
| Workshop | 1 | |
| Arcane Sanctum | 1 | |
25 total
» build order
00:59 Altar of Kings
01:02 Farm
01:08 Blacksmith
01:09 Barracks
01:38 Farm
02:30 Farm
02:41 Arcane Vault
02:51 Scout Tower
03:10 Farm
03:25 Arcane Tower
03:30 Lumber Mill
03:53 Farm
04:06 Scout Tower
04:46 Guard Tower
04:58 Farm
06:25 Keep
06:51 Farm
07:37 Scout Tower
09:09 Guard Tower
09:12 Farm
09:57 Farm
10:07 Castle
10:12 Workshop
10:16 Arcane Sanctum
11:45 Farm
» items
Chat log
(00:13 / Allies) BADLUCK: you not played in a while pink?
(00:33 / All) politcly_corect: what is "e" and why did he trap your dog?
(00:45 / All) aldslasdoas: my dick is so hard
(00:47 / All) aldslasdoas: n horny
(00:53 / Allies) therustisreal: ill be fine
(00:55 / All) ALADDINSHEIR: think of ellen page
(01:25 / All) politcly_corect: well she doesnt like dicks
(01:29 / Allies) eTRAPEDmyDOG: units?
(01:43 / Allies) BADLUCK: yeah
(01:51 / All) ALADDINSHEIR: any of u got windows 10 it made my wc3 dark as shit. my brihgtness is at 100% too
(01:56 / All) aldslasdoas: my dick so hard
(02:01 / Allies) eTRAPEDmyDOG: units?
(02:03 / All) aldslasdoas: can u fuck me
(02:08 / All) xASx: im still getting used to 8
(02:09 / All) aldslasdoas: just cum in my ass
(02:53 / All) ALADDINSHEIR: why do u still got shitty windows 8
(03:02 / All) aldslasdoas: idk fuk me baby
(05:14 / Allies) eTRAPEDmyDOG: units?
(06:16 / Allies) eTRAPEDmyDOG: units?
(06:19 / Allies) BADLUCK: yeah
(06:31 / Allies) eTRAPEDmyDOG: pink? teal?
(06:40 / Allies) therustisreal: just gonna go frostys i guess
(07:03 / Allies) eTRAPEDmyDOG: teal?
(07:10 / Allies) therustisreal: orange can you help me clear
(07:18 / Allies) BADLUCK: yeah
(07:50 / Allies) eTRAPEDmyDOG: turn teal
(07:51 / Allies) eTRAPEDmyDOG: turn
(09:33 / All) eTRAPEDmyDOG: boots dont stack noob
(09:41 / All) aldslasdoas: lol
(09:44 / All) aldslasdoas: it think its doat
(09:52 / All) aldslasdoas: Dota*
(10:17 / Allies) aldslasdoas: wood anyone
(13:26 / Allies) eTRAPEDmyDOG: did u destroy item?
(13:31 / Allies) BADLUCK: no, I took both of them
(13:35 / Allies) BADLUCK: then destroyed my old items
(13:44 / Allies) eTRAPEDmyDOG: u can sell them...
(15:55 / Allies) BADLUCK: asshole almost letting my hero die
(16:37 / All) eTRAPEDmyDOG: gg
(16:43 / All) aldslasdoas: so easy
(16:59 / All) eTRAPEDmyDOG: noob
(17:21 / All) politcly_corect: lol Johnny get a win and hes all that
(17:27 / All) politcly_corect: how cute
(17:44 / All) eTRAPEDmyDOG: u must have like 10k gold
(17:52 / All) politcly_corect: awe resource hack?
(21:11 / Allies) therustisreal: wtf red
(21:17 / Allies) BADLUCK: yeah wtf red
(21:19 / Allies) BADLUCK: why are you tking
(21:24 / All) eTRAPEDmyDOG: u started it
(22:44 / All) eTRAPEDmyDOG: btw i knew u were going to tk oj
(22:52 / All) ALADDINSHEIR: YET U DID NOTHING
(23:02 / All) BADLUCK: You didn't know
(23:06 / All) BADLUCK: or how did you?
(23:14 / All) eTRAPEDmyDOG: i saw it yesterday
(23:19 / All) eTRAPEDmyDOG: same dumb shit
(23:26 / All) BADLUCK: I played 1 game yesterday where we did this
(23:33 / All) BADLUCK: were you there on a different account?
(23:33 / All) politcly_corect: oj is not tkd??
(23:55 / All) BADLUCK: who were you last game red?
(23:56 / Allies) therustisreal: i need gold
(24:17 / Allies) therustisreal: i just dont get it
(24:22 / Allies) BADLUCK: you need to unsummon your whole base
(24:24 / Allies) BADLUCK: with your acolytes
(24:26 / Allies) BADLUCK: for me please
(25:06 / All) ALADDINSHEIR: TEAL IS awfully quiet
(25:11 / All) ALADDINSHEIR: for all that shit talking
(25:12 / Allies) BADLUCK: thanks buddy
(25:29 / Allies) BADLUCK: unsummon this too plz
(26:14 / All) eTRAPEDmyDOG: ur real acct is little dick or some shit
(26:20 / All) BADLUCK: lawl
(26:24 / All) politcly_corect: awe is red mad oj did it all
(26:42 / Allies) BADLUCK: those towers won't help you teal
(26:44 / Allies) BADLUCK: I have cloud
(27:13 / Allies) therustisreal: now i remember why i quit WC3
(27:17 / Allies) eTRAPEDmyDOG: ha
(27:23 / Allies) eTRAPEDmyDOG: this is all oj does
(27:33 / Allies) eTRAPEDmyDOG: mass tower take over map and then tk
(27:37 / Allies) therustisreal: i had these disks sitting next to me
(27:40 / Allies) therustisreal: and figured her
(27:42 / Allies) therustisreal: hey
(27:43 / Allies) therustisreal: why not
(27:46 / All) BADLUCK: Red says he's played with us before
(27:53 / Allies) therustisreal: people cant still be trolling
(27:56 / All) ALADDINSHEIR: lad prob aint lieing
(28:04 / Allies) eTRAPEDmyDOG: only good knews is him and green dont play every game
(28:07 / All) ALADDINSHEIR: it is a memorable accomplishment to die by our hands
(28:19 / Allies) therustisreal: theres no way any idiot would still troll a game this old as a full time job
(28:28 / Allies) BADLUCK: lol
(28:29 / Allies) eTRAPEDmyDOG: well they do
(28:38 / Allies) BADLUCK: full time job? we haven't even played in months
(28:54 / All) politcly_corect: red
(28:58 / All) politcly_corect: u crying son?
(29:05 / All) BADLUCK: Purple you didn't do any of this
(29:12 / All) BADLUCK: don't act like you're taking credit for my tk
(29:12 / All) politcly_corect: oh i know that
(29:18 / All) politcly_corect: oh no credit here
(29:26 / All) politcly_corect: ur TK is all ur own son
(29:28 / All) therustisreal: oh hes taking credit all right
(29:44 / All) therustisreal: cant even tk and keep the other team under control
(29:45 / All) therustisreal: pathetic
(29:58 / All) politcly_corect: someone needs a hugs
(30:39 / All) BADLUCK: I'm gonna demolish your base
(31:03 / All) BADLUCK: That's what you get for attacking me
(31:08 / All) politcly_corect: i get?
(31:14 / All) politcly_corect: awe ur so cute!!!
(31:33 / All) ALADDINSHEIR: teal vs purple mexican standoff
(31:41 / All) ALADDINSHEIR: whoever leaves wc3 on longest wins
(31:50 / All) politcly_corect: awe did you learn that from the movies?
(32:02 / All) politcly_corect: u are adorable!!!
(32:10 / All) ALADDINSHEIR: i learned it from no country for old men
(32:23 / All) politcly_corect: oh are you old sweetie?
(32:30 / All) ALADDINSHEIR: i am pro
(32:43 / All) ALADDINSHEIR: teal will u leave wc3 on all day for a win
(32:47 / All) politcly_corect: i see... well its ok... take viagra it will help you
(32:58 / All) aldslasdoas: lol
(33:41 / All) ALADDINSHEIR: thx for the help purple. but i gotta kill off ur entertainment
(33:45 / All) ALADDINSHEIR: im sure u understand
(33:51 / All) politcly_corect: oh u are welcome
(34:53 / All) ALADDINSHEIR: nothing personal
(34:56 / All) ALADDINSHEIR: im just ruthless
(35:00 / All) ALADDINSHEIR: ruthless is my middlename
(35:06 / All) politcly_corect: oh its ok sweetie ur cute doing that
(35:09 / All) BADLUCK: My side is done
(35:10 / All) ALADDINSHEIR: my sister's middle name is ruth so it fits
(35:27 / All) BADLUCK: wait no teal has some food left
(35:45 / All) BADLUCK: tried to hide a zeppelin
(36:43 / All) ALADDINSHEIR: wtf lol
(36:46 / All) ALADDINSHEIR: teal is still athreat
(36:53 / All) BADLUCK: He had an army hidden in a zeppelin
(36:57 / All) BADLUCK: He is no threat
(38:32 / All) ALADDINSHEIR: done my said, triple check stupid teal has nothing
(38:50 / All) BADLUCK: Just 8 food left
(39:50 / All) BADLUCK: Just my army left
(40:11 / All) ALADDINSHEIR: this was an okay game, teal and purple provided us with our laughs
(40:18 / All) ALADDINSHEIR: even now, they are pretending to be afk
(40:24 / All) ALADDINSHEIR: which we of course know the truth
(40:46 / All) ALADDINSHEIR: they are sitting wide-eyed at their screen, wondering what happens nexdt
(41:20 / All) BADLUCK: oops
(41:23 / All) BADLUCK: I forgot a town hall alwl
(41:27 / All) BADLUCK: I can sapper it
(41:50 / All) BADLUCK: done
(41:53 / All) BADLUCK: Good luck everyone